 Dungeon Crawl Stone Soup version 0.29.1-12-g30fa7ad0bf (webtiles) character file.

Game seed: 11948097251453140161

44 bubby the Magician (level 3, -6/25 HPs)
             Began as a Demonspawn Hedge Wizard on Jan 12, 2023.
             Mangled by Terence
             ... wielding a +0 hand axe
              (9 damage)
             ... on level 2 of the Dungeon.
             The game lasted 00:07:25 (2090 turns).

bubby the Magician (Demonspawn Hedge Wizard)        Turns: 2090, Time: 00:07:26

Health: -6/25      AC:  2    Str: 10    XL:     3   Next: 41%
Magic:  5/7        EV: 14    Int: 15    God:
Gold:   46         SH:  0    Dex: 14    Spells: 5/8 levels left

rFire   . . .      SeeInvis .   a - +0 dagger
rCold   . . .      Faith    .   (no shield)
rNeg    . . .      Spirit   .   b - +0 robe
rPois   .          Reflect  .   c - +0 hat
rElec   .          Harm     .   (no cloak)
rCorr   .          Rampage  .   (no gloves)
Will    .....                   (no boots)
Stlth   ++........              (no amulet)
HPRegen 0.08/turn               (no ring)
MPRegen 0.10/turn               (no ring)

@: very slightly contaminated
A: repulsion field 1
a: no special abilities


You were on level 2 of the Dungeon.
You visited 1 branch of the dungeon, and saw 2 of its levels.

You collected 46 gold pieces.

Inventory:

Hand Weapons
 a - a +0 dagger (weapon)
Armour
 b - a +0 robe (worn)
 c - a +0 hat (worn)
Scrolls
 e - 2 scrolls of identify {unknown}
 h - a scroll of teleportation {unknown}
 i - a scroll of enchant armour {unknown}
 j - a scroll of vulnerability {unknown}
 k - a scroll of immolation {unknown}
Potions
 d - a potion of magic
 f - a potion of berserk rage {unknown}
 g - a potion of lignification {unknown}


   Skills:
 + Level 0.6 Fighting
 + Level 0.6 Short Blades
 + Level 2.1 Dodging
 + Level 2.1 Stealth
 + Level 3.1 Spellcasting
 + Level 1.5 Conjurations
 - Level 1.0 Summonings
 + Level 1.4 Translocations


You had 5 spell levels left.
You knew the following spells:

 Your Spells              Type           Power      Damage    Failure   Level
a - Magic Dart            Conj           24%        1d4       11%         1
b - Blink                 Tloc           12%        N/A       16%         2

Your spell library contained the following spells:

 Spells                   Type           Power      Damage    Failure   Level
 Foxfire                  Conj/Fire      16%        2x1d4     14%         1
 Call Imp                 Summ           5%         N/A       19%         2
 Slow                     Hex            8%         N/A       21%         1
 Conjure Flame            Conj/Fire      4%         6-21      41%         3
 Mephitic Cloud           Conj/Pois/Air  3%         N/A       43%         3
 Inner Flame              Hex/Fire       2%         N/A       52%         3
 Flame Wave               Conj/Fire      4%         2d5       82%         4


Dungeon Overview and Level Annotations

Branches:
Dungeon (2/15)

Altars:

Annotations:
D:2 Terence


Innate Abilities, Weirdness & Mutations

You are surrounded by a mild repulsion field. (EV +2)


Message History

The magic dart hits Terence but does no damage.
Terence shouts!
The magic dart hits Terence but does no damage.
You can't see any susceptible monsters within range! (Use Z to cast anyway.)
The magic dart hits Terence but does no damage.
The magic dart hits Terence but does no damage.
Unknown command.
Casting: Magic Dart (safe; 11% risk of failure)
Confirm with . or Enter, or press ? or * to list all spells.
You miscast Blink.
You are very lightly contaminated with residual magic.
Nothing appears to happen.
Your magical contamination has completely faded away.
Casting: Blink (safe; 16% risk of failure)
Confirm with . or Enter, or press ? or * to list all spells.
You don't have enough magic to cast this spell.
There is a stone staircase leading up here.
You climb upwards.
There is a stone staircase leading down here.
You start resting.
Magic restored.
You climb downwards.
Level annotation: Terence Terence barely misses you.
Terence hits you with a +0 hand axe.
There is a stone staircase leading up here.
You hit Terence but do no damage. Terence hits you with a +0 hand axe!
You hit Terence but do no damage. Terence hits you with a +0 hand axe.
You hit Terence.
Terence is lightly wounded.
Terence closely misses you.
You hit Terence but do no damage.
Terence is lightly wounded.
Terence hits you with a +0 hand axe!
* * * LOW HITPOINT WARNING * * *
Casting: Blink (safe; 16% risk of failure)
Confirm with . or Enter, or press ? or * to list all spells.
You miscast Blink.
You are very lightly contaminated with residual magic.
Nothing appears to happen.
Terence hits you with a +0 hand axe!
You die...

... ......#..###.#.#
..# #.#.#.#..###.#.#
.†# #..............#
..###.#.#........###
......#.#.#####..#
.................#
.#.##.#.#.######.#
.#.##.#.#.# #.#
.#.##.#.#.# #@#
##.##.#.#.### #@#
#.##........ ..#
#....#.##### ####
######.# ..#


You could see Terence.

Vanquished Creatures
  2 dart slugs (D:1)
  3 bats (D:1)
  4 endoplasms (D:1)
  A giant cockroach (D:2)
  5 hobgoblins (D:1)
  2 kobolds (D:1)
  5 ball pythons
  A frilled lizard (D:1)
  8 goblins
  4 rats (D:1)
35 creatures vanquished.

Notes
Turn   | Place    | Note
-------+----------+-------------------------------------------
     0 | D:1      | bubby the Demonspawn Hedge Wizard began the quest for the
                  | Orb.
     0 | D:1      | Reached XP level 1. HP: 13/13 MP: 4/4
    51 | D:1      | Reached skill level 1 in Translocations
   477 | D:1      | Gained mutation: You are surrounded by a mild repulsion
                  | field. (EV +2) [demonic ancestry]
   477 | D:1      | Reached XP level 2. HP: 19/19 MP: 0/6
  1125 | D:1      | Reached XP level 3. HP: 25/25 MP: 0/7
  1863 | D:2      | Learned a level 2 spell: Blink
  2008 | D:2      | Noticed Terence
  2090 | D:2      | Mangled by Terence

Illustrated notes

Levels and vault maps discovered:
D:1:      matt_arrival_los_fun, layout_basic, hangedman_decor_push,
          hangedman_decor_growths, serial_park_tiny_pond,
          minmay_misc_feat_secret_circle, minmay_tetromino_t4
D:2:      layout_basic, minmay_strange_pillars, grunt_decor_cap, uniq_sigmund,
          uniq_robin, uniq_terence

Skill      XL: |  1  2 |
---------------+-------+-----
Translocations | 1 |  1.4
Stealth        | 2 |  2.1
Dodging        | 2 |  2.1
Fighting       | |  0.6
Short Blades   | |  0.6
Spellcasting   | |  3.1
Conjurations   | |  1.5
Summonings     | |  1.0

Action                   || total
-------------------------++-------
Melee: Dagger            ||    70
       Punch             ||     1
 Cast: Magic Dart        ||    69
 Stab: Sleeping          ||     3
Armor: Robe              ||    12
Dodge: Dodged            ||    38
